 Dungeon Crawl Stone Soup version 0.31-a0-236-g9a0961fb85 (webtiles) character file.

Game seed: 11034283857571862554

50 qw the Shooter (level 3, -1/21 HPs)
             Began as a Gargoyle Hexslinger on July 10, 2023.
             Slain by a goblin
             ... wielding a +0 club
             ... led by Robin
              (3 damage)
             ... on level 2 of the Dungeon.
             The game lasted 00:00:35 (1427 turns).

qw the Shooter (Gargoyle Hexslinger)                Turns: 1427, Time: 00:00:35

Health: -1/21      AC:  8    Str: 11    XL:     3   Next: 79%
Magic:  4/4        EV: 10    Int: 13    God:
Gold:   105        SH:  0    Dex: 14    Spells: 3/4 levels left

rFire   . . .        Y - +1 sling (drain)
rCold   . . .        (no shield)
rNeg    + . .        d - +0 ring mail
rPois   inf          (no helmet)
rElec   +            (no cloak)
rCorr   .            (no gloves)
SInv    .            (no boots)
Will    .....        (no amulet)
Stlth   +            (no ring)
HPRegen 0.23/turn    (no ring)
MPRegen 0.09/turn

%: no passive effects
@: no status effects
A: sickness immunity, AC +3, negative energy resistance 1, electricity
resistance, torment resistance 1, petrification resistance
a: no special abilities


You were on level 2 of the Dungeon.
You visited 1 branch of the dungeon, and saw 2 of its levels.

You collected 105 gold pieces.


Innate Abilities, Weirdness & Mutations

You are immune to sickness and miasma.
Your stone body is resilient. (AC +3)
You are immune to poison.
You resist negative energy. (rN+)
You are resistant to electric shocks. (rElec)
You are resistant to unholy torment.
You are immune to petrification.


   Skills:
 - Level 2.0 Fighting
 + Level 3.6 Ranged Weapons
 - Level 1.5 Dodging
 - Level 1.0 Spellcasting
 - Level 2.6 Hexes


You had 3 spell levels left.
You knew the following spells:

 Your Spells              Type           Power      Damage    Failure   Level
a - Slow                  Hex            28%        N/A       22%         1

Your spell library contained the following spells:

 Spells                   Type           Power      Damage    Failure   Level
 Inner Flame              Hex/Fire       4%         N/A       75%         3
 Portal Projectile        Hex/Tloc       8%         N/A       75%         3
 Cause Fear               Hex            3%         N/A       92%         4

Inventory:

Hand Weapons
 Y - a +1 sling of draining (weapon)
Armour
 b - a +0 cloak
 d - a +0 ring mail (worn)
Potions
 a - a potion of haste {unknown}
 g - a potion of mutation {unknown}

Dungeon Overview and Level Annotations

Branches:
Dungeon (2/15)

Altars:

Annotations:
D:2 Robin


Message History

The frilled lizard closely misses you. The goblin hits you but does no damage.
The kobold closely misses you.
You shoot a sling bullet.
The sling bullet closely misses the kobold.
The frilled lizard closely misses you. The goblin closely misses you.
The kobold barely misses you.
You shoot a sling bullet. The sling bullet hits the kobold.
You drain the kobold.
You kill the kobold!
The frilled lizard barely misses you. The goblin hits you but does no damage.
The frilled lizard barely misses you. Robin hits you but does no damage.
The goblin closely misses you.
You shoot a sling bullet. The sling bullet hits Robin.
You drain Robin.
Robin is moderately wounded.
The frilled lizard closely misses you. The goblin hits you with a +0 club.
Robin hits you but does no damage.
You shoot a sling bullet. The sling bullet hits Robin.
Robin is severely wounded.
The frilled lizard barely misses you. The goblin hits you with a +0 club.
Robin hits you but does no damage.
You shoot a sling bullet. The sling bullet closely misses Robin.
The goblin closely misses you.
The frilled lizard completely misses you.
Robin barely misses you. Robin hits you with a +0 whip.
The goblin hits you but does no damage. The frilled lizard misses you.
You shoot a sling bullet.
The sling bullet completely misses Robin.
The frilled lizard completely misses you.
The goblin misses you. Robin misses you.
You shoot a sling bullet.
The sling bullet hits Robin but does no damage.
Robin is severely wounded.
The frilled lizard bites you but does no damage.
The goblin hits you but does no damage. Robin misses you.
You shoot a sling bullet. The sling bullet hits Robin.
You drain Robin.
Robin is almost dead.
The goblin barely misses you.
The frilled lizard bites you but does no damage.
Robin hits you with a +0 whip. The goblin hits you with a +0 club.
You die...

#. ..P #.
.. #.. ..
###.. .#
....###.##
##.#.......
......lg)#
#@)#
......g)##
#.###.#.#
#.#!#.#.#
#.### #..
..... ..#
#.## #.# (.
..# ##.(.
..$.


You could see Robin (very drained), a goblin (strong) and a frilled lizard.

Vanquished Creatures
  An adder (D:2)
  A dart slug (D:1)
  3 endoplasms
  A giant cockroach (D:1)
  7 goblins
  6 hobgoblins
  A jackal (D:2)
  A quokka (D:1)
  2 ball pythons (D:1)
  A bat (D:2)
  A frilled lizard (D:1)
  4 kobolds
  7 rats
36 creatures vanquished.

Notes
Turn   | Place    | Note
-------+----------+-------------------------------------------
     0 | D:1      | qw the Gargoyle Hexslinger began the quest for the Orb.
     0 | D:1      | Reached XP level 1. HP: 12/12 MP: 2/2
     0 | D:1      | 0 ||| qw: Version: 0.3-a-52-g30416fa
     0 | D:1      | 0 ||| qw: Game counter: 4662
     0 | D:1      | 0 ||| qw: Melee chars always use a shield: true
     0 | D:1      | 0 ||| qw: God list: Okawaru
     0 | D:1      | 0 ||| qw: Allow faded altars: false
     0 | D:1      | 0 ||| qw: Do Orc after clearing Dungeon:15 true
     0 | D:1      | 0 ||| qw: Do second Lair branch before Depths: true
     0 | D:1      | 0 ||| qw: Lair rune preference: random
     0 | D:1      | 0 ||| qw: Goals: Normal
     0 | D:1      | 0 ||| PLANNING D:1-11
   193 | D:1      | Found a faded altar of an unknown god.
   199 | D:1      | Reached XP level 2. HP: 16/16 MP: 3/3
   461 | D:1      | Reached skill level 3 in Ranged Weapons
  1101 | D:1      | Reached XP level 3. HP: 21/21 MP: 4/4
  1102 | D:1      | 1102 ||| UPGRADING to +0 ring mail.
  1112 | D:1      | 1112 ||| DROPPING +0 robe.
  1113 | D:1      | 1113 ||| READING scroll labelled CONURE WEUWU.
  1114 | D:1      | 1114 ||| READING scroll labelled VICELO XUTZE.
  1115 | D:1      | 1115 ||| READING scroll labelled WYROXT JEULUA.
  1116 | D:1      | 1116 ||| READING scroll labelled MUMMABBOGYS.
  1117 | D:1      | 1117 ||| READING scroll labelled FABLE SUUM UKU.
  1118 | D:1      | 1118 ||| READING scroll labelled NADWANIELE.
  1123 | D:1      | 1123 ||| DRINKING 2 sedimented purple potions.
  1124 | D:1      | 1124 ||| DROPPING scroll of poison.
  1199 | D:2      | 1199 ||| FLEEEEING.
  1200 | D:2      | 1200 ||| FLEEEEING.
  1211 | D:2      | 1211 ||| FLEEEEING.
  1212 | D:2      | 1212 ||| FLEEEEING.
  1213 | D:2      | 1213 ||| FLEEEEING.
  1214 | D:2      | 1214 ||| FLEEEEING.
  1215 | D:2      | 1215 ||| FLEEEEING.
  1216 | D:2      | 1216 ||| FLEEEEING.
  1217 | D:2      | 1217 ||| FLEEEEING.
  1218 | D:2      | 1218 ||| FLEEEEING.
  1219 | D:2      | 1219 ||| FLEEEEING.
  1220 | D:2      | 1220 ||| FLEEEEING.
  1221 | D:2      | 1221 ||| FLEEEEING.
  1226 | D:2      | 1226 ||| STAIRDANCE
  1236 | D:1      | 1236 ||| READING scroll labelled SUSOH YLOLIS.
  1388 | D:2      | Noticed Robin
  1397 | D:2      | HP: 3/21 [goblin/+0 club[Robin] (5)]
  1398 | D:2      | 1398 ||| DRINKING 2 potions of heal wounds.
  1414 | D:2      | HP: 3/21 [goblin/+0 club[Robin] (3)]
  1415 | D:2      | 1415 ||| DRINKING potion of heal wounds.
  1424 | D:2      | HP: 2/21 [Robin/+0 whip (4)]
  1427 | D:2      | Slain by a goblin

Levels and vault maps discovered:
D:1:      lightli_arrival_maybe_door_vault, layout_basic, basic_ecumenical_altar
D:2:      layout_loops_ring, serial_park_tiny_1, minmay_surrounded, uniq_robin

Skill      XL: |  1  2 |
---------------+-------+-----
Ranged Weapons | 3 |  3.6
Fighting       | 2 |  2.0
Dodging        | |  1.5
Spellcasting   | |  1.0
Hexes          | |  2.6

Action                     || total
---------------------------++-------
   Fire: Sling             ||   114
    Use: Scroll            ||     7
         Potion            ||     3
 Armour: Robe              ||     5
         Ring mail         ||    76
  Dodge: Dodged            ||   114

Table legend:
 A = Non-vault XP
 B = Vault XP
 C = Vault XP percentage of total XP
 D = Non-vault monster count
 E = Vault monster count
 F = Vault count percentage of total count
                 A         B        C        D         E       F
            +---------+---------+-------+---------+---------+-------
      Total |      54 |      18 |  25.0 |      25 |      11 |  30.6
            +---------+---------+-------+---------+---------+-------
        D:1 |      35 |       0 |   0.0 |      21 |       0 |   0.0
        D:2 |      19 |      18 |  48.6 |       4 |      11 |  73.3
            +---------+---------+-------+---------+---------+-------
